 Dungeon Crawl Stone Soup version 0.27-a0-1217-g8a41f320e8 (webtiles) character file.

Game seed: 15585306015392060939

55 ijwtpc the Bolt Thrower (level 3, 0/18 HPs)
             Began as a Spriggan Hunter on June 5, 2021.
             Succumbed to a kobold's poison
             ... on level 1 of the Dungeon.
             The game lasted 00:10:11 (2317 turns).

ijwtpc the Bolt Thrower (Spriggan Hunter)           Turns: 2317, Time: 00:10:12

Health: 0/18       AC:  2    Str:  9    XL:     3   Next: 67%
Magic:  4/4        EV: 17    Int: 18    God:
Gold:   57         SH:  0    Dex: 15    Spells: 2/2 levels left

rFire    . . .     SeeInvis +   b - +0 short sword
rCold    . . .     Faith    .   (shield restricted)
rNeg     . . .     Spirit   .   c - +0 robe
rPois    .         Reflect  .   (helmet restricted)
rElec    .         Harm     .   (no cloak)
rCorr    .         Rampage  .   (gloves unavailable)
Will     .....                  (boots unavailable)
Stlth    ++........             (no amulet)
HPRegen  0.06/turn              e - +6 ring of intelligence
MPRegen  0.09/turn              (no ring)

@: lethally poisoned (0 -> -2), very quick
A: very small, no large weapons, unfitting armour, see invisible, speed 3
a: no special abilities


You were on level 1 of the Dungeon.
You visited 1 branch of the dungeon, and saw 2 of its levels.

You collected 57 gold pieces.

Inventory:

Hand Weapons
 a - a +1 hand crossbow
 b - a +0 short sword (weapon)
 h - a +0 hunting sling
Missiles
 d - 14 bolts
 l - 21 stones (quivered)
 m - 9 poisoned darts
Armour
 c - a +0 robe (worn)
Jewellery
 e - a +6 ring of intelligence (left hand)
Scrolls
 j - 4 scrolls of identify {unknown}
Potions
 f - a potion of lignification


   Skills:
 * Level 2.2 Fighting
 + Level 0.8 Slings
 * Level 4.3 Crossbows
 + Level 0.7 Armour
 + Level 3.1 Dodging
 + Level 2.4 Stealth


You had 2 spell levels left.
You didn't know any spells.
Your spell library was empty.

Dungeon Overview and Level Annotations

Branches:
Dungeon (2/15)

Altars:

Annotations:
D:1 exclusion: 2 downstairs
D:2 Terence


Innate Abilities, Weirdness & Mutations

You are very small and have problems with some larger weapons.
You are too small for most types of armour.
You have supernaturally acute eyesight. (SInv)
You cover ground extremely quickly. (Speed+++)


Message History

d - 14 bolts (gained 1)
There is a stone staircase leading down, spattered with blood here.
You climb downwards.
Level annotation: Terence
There is a stone staircase leading up here.
You hit the kobold.
The kobold is severely wounded.
The kobold hits you with a +1 whip of venom.
You are lethally poisoned!
You feel very sick. The kobold barely misses you.
You climb upwards.
Level annotation: exclusion: 2 downstairs You feel very sick.
There is a stone staircase leading down, spattered with blood here.
* * * LOW HITPOINT WARNING * * *
You feel sick.
* * * LOW HITPOINT WARNING * * *
You feel sick.
* * * LOW HITPOINT WARNING * * *
You feel sick.
It was a potion of lignification.
You turn into a tree.
Your +0 robe melds into your body.
Your roots penetrate the ground.
* * * LOW HITPOINT WARNING * * *
You feel sick. The kobold closely misses you.
It was a potion of haste.
You feel yourself speed up.
* * * LOW HITPOINT WARNING * * *
You feel sick. The kobold hits you but does no damage.
It was a potion of cancellation.
Your magical effects are unravelling.
You feel magically purged.
You feel less wooden.
Your +0 robe unmelds from your body.
You feel yourself slow down.
* * * LOW HITPOINT WARNING * * *
You feel sick.
Unknown command.
As you read the scroll labelled TOGAKK OPUNNAL, it crumbles to dust.
You feel momentarily disoriented.
It was a scroll of magic mapping.
You die...

#.## ##..........##### .#.##
##..#...##.#
###.#########.###.###.# #
##.........[........#
###.################### ##
.#.#########################
#.
#......).............).....#
#.
#####.#########..#########.#
#. #.# #.@## #.# #. #.#
##.K.## #.# #. #.# ##.....##
#.# #. #.# ###.......# #.#
#. #.# #...>.....# ##.## #.
#.#####.#.......# #...####.
#.......##.....## #........
#.............## #...#####
############### #####


You could see a kobold.

Vanquished Creatures
  2 adders (D:2)
  A dart slug (D:2)
  8 ball pythons
  An endoplasm (D:1)
  2 giant cockroaches
  6 goblins
  4 hobgoblins
  3 kobolds
  A quokka (D:1)
  2 bats
  4 rats
34 creatures vanquished.

Notes
Turn   | Place    | Note
-------+----------+-------------------------------------------
     0 | D:1      | ijwtpc the Spriggan Hunter began the quest for the Orb.
     0 | D:1      | Reached XP level 1. HP: 10/10 MP: 2/2
   121 | D:1      | Reached XP level 2. HP: 15/15 MP: 3/3
  1211 | D:2      | Reached XP level 3. HP: 18/18 MP: 4/4
  1243 | D:2      | Noticed Terence
  2317 | D:1      | Succumbed to a kobold's poison

Illustrated notes

Levels and vault maps discovered:
D:1:      minmay_arrival_semitransparent, layout_loops_ring, minmay_quantized
D:2:      minmay_recursive_quarters, layout_basic, serial_forest,
          infiniplex_forest_lined_3, infiniplex_forest_straight_5,
          infiniplex_forest_clump_double, infiniplex_forest_straight_1,
          infiniplex_forest_zigzag_2, minmay_misc_feat_diagonals, uniq_terence

Skill      XL: |  1  2 |
---------------+-------+-----
Stealth        | 2 |  2.4
Dodging        | 3 |  3.1
Fighting       | 2 |  2.2
Slings         | |  0.8
Crossbows      | |  4.3
Armour         | |  0.7

Action                   || total
-------------------------++-------
Melee: Short sword       ||    66
 Fire: Hand crossbow     ||    41
  Use: Potion            ||     3
       Scroll            ||     1
 Stab: Sleeping          ||     3
Armor: Robe              ||     9
       Skin              ||     1
Dodge: Dodged            ||    75

Table legend: (Time is in decaauts)
 A = Elapsed time spent in this place.
 B = Non-inter-level travel time spent in this place.
 C = Inter-level travel time spent in this place.
 D = Time resting spent in this place.
 E = Time spent auto-exploring this place.
 F = Levels seen in this place.
 G = Mean time per level.
                   A        B        C        D        E       F      G
               +--------+--------+--------+--------+--------+-----+--------+
         Total |   1873 |   1791 |     82 |    914 |    505 |   2 |  936.5 |
       Dungeon |   1873 |   1791 |     82 |    914 |    505 |   2 |  936.5 |
               +--------+--------+--------+--------+--------+-----+--------+

Top non-repeatable levels by time:
     D:1: 1438 daAuts
     D:2: 435 daAuts
